Cogmind - Beta 11 @@@ ROGUE MODE // 2022.03.24 @ 19:54:02 Player: Kudakeru Result: Destroyed by Y-45 Defender with Beam Rifle Performance ------------- Evolutions (1) 500 Regions Visited (4) 800 Robots Destroyed (11) 55 Value Destroyed (236) 236 Prototype IDs (0) 0 Alien Tech Used (0) 0 Bonus (0) 0 TOTAL SCORE: 1591 Bonus ------- None Cogmind --------- Core Integrity 0/400 Matter 59/300 Energy 98/100 System Corruption 0% Temperature Cool (9) Movement Core (50) Location -9/Storage Parts ------- > --- POWER (2) -------- (None) > --- PROPULSION (2) --- (None) > --- UTILITY (2) ------ (None) > --- WEAPON (3) ------- (None) > --- INVENTORY (5) ---- Large Storage Unit Peak State ------------ > --- POWER ------------ Light Ion Engine > --- PROPULSION ------- Light Treads Light Treads > --- UTILITY ---------- Large Storage Unit Medium Matter Pod > --- WEAPON ----------- Assault Rifle Light Assault Rifle Grenade Launcher > --- INVENTORY -------- Light Ion Engine [Rating: 8] Favorites ----------- Power Light Ion Engine Engine Light Ion Engine Propulsion Light Treads Treads Light Treads Utility Medium Matter Pod Device Sensor Array Storage Medium Matter Pod Weapon Light Assault Rifle Ballistic Gun Light Assault Rifle Launcher Grenade Launcher Build | -11 -10 -10 -9 -9 ------- Run | Scr Mat Min Mat Sto Slots Evolved 2 | . . . 2 . Power 1 | . . . 1 . Propulsion . | . . . . . Utility . | . . . . . Weapon 1 | . . . 1 . Parts Attached 11 | 5 1 1 3 1 Power 2 | 1 . . . 1 Engine 2 | 1 . . . 1 Core . | . . . . . Reactor . | . . . . . Propulsion 2 | 2 . . . . Treads 2 | 2 . . . . Leg . | . . . . . Wheel . | . . . . . Hover . | . . . . . Flight . | . . . . . Utility 3 | . 1 . 2 . Device 1 | . . . 1 . Storage 2 | . 1 . 1 . Processor . | . . . . . Hackware . | . . . . . Protection . | . . . . . Artifact . | . . . . . Weapon 4 | 2 . 1 1 . Energy Gun . | . . . . . Energy Cannon . | . . . . . Ballistic Gun 3 | 2 . 1 . . Ballistic Cannon . | . . . . . Launcher 1 | . . . 1 . Special Weapon . | . . . . . Impact Weapon . | . . . . . Slashing Weapon . | . . . . . Piercing Weapon . | . . . . . Special Melee Weapon . | . . . . . Unidentified Prototypes . | . . . . . Parts Lost 7 | . . . . 7 Power 2 | . . . . 2 Propulsion . | . . . . . Utility 2 | . . . . 2 Weapon 3 | . . . . 3 Highest Loss Streak 6 | . . . . 6 To Critical Strikes . | . . . . . Average Slot Usage (%) 76 | . 71 85 82 72 Engine 11 | . 14 14 11 9 Treads 22 | . 28 28 22 15 Device 3 | . . . 3 9 Storage 8 | . . 14 16 10 Ballistic Gun 24 | . 28 28 22 18 Launcher 3 | . . . 7 9 Naked Turns 23 | . . . . 23 Heaviest Build 31 | 6 8 8 31 12 Greatest Support 40 | 40 40 40 40 40 Greatest Overweight (x) 3 | . . . . 3 Average Overweight (x) . | . . . . . Largest Inventory Capacity 15 | 5 5 5 15 5 Average Capacity 5 | 5 5 5 10 5 Most Carried 5 | 5 3 3 3 2 Average Carried 1 | 1 1 2 1 1 Final Capacity 5 | 5 5 5 5 5 Final Carried 2 | 1 2 2 2 1 Class Distribution -------------------- 65% | Mutant 29% | Skirmisher 5% | Gunner Dominant Class ---------------- Mutant | -10/Materials Mutant | -10/Mines Gunner | -9/Materials Skirmisher | -9/Storage Resources | -11 -10 -10 -9 -9 ----------- Run | Scr Mat Min Mat Sto Matter Collected 302 | 168 89 45 . . Remotely . | . . . . . Salvage Created 163 | . 89 28 14 32 Parts 15 | . 4 2 8 1 Haulers Intercepted . | . . . . . Recyclers Shooed . | . . . . . Parts Field Recycled . | . . . . . Retrieved Matter . | . . . . . Parts Self-Destructed . | . . . . . Prevented . | . . . . . Kills | -11 -10 -10 -9 -9 ------- Run | Scr Mat Min Mat Sto Combat Hostiles Destroyed 9 | . 2 2 3 2 Guns 6 | . 2 2 1 1 AOE 3 | . . . 2 1 Classes Destroyed 4 | . 1 1 1 1 Worker 1 | . . . . 1 Watcher 1 | . . . 1 . Swarmer 5 | . . 2 3 . Grunt 4 | . 2 . . 2 Best Kill Streak 4 | . 1 2 4 3 Combat Bots Only 3 | . 1 2 3 2 Max Kills in Single Turn 2 | . 1 1 2 1 Gunslinging . | . . . . . Exploded 1 | . . . 1 1 Melee . | . . . . . Uniques/NPCs Destroyed . | . . . . . Combat | -11 -10 -10 -9 -9 -------- Run | Scr Mat Min Mat Sto Damage Taken 1157 | . 293 48 19 797 Core 495 | . 75 15 . 405 Absorbed by Shields . | . . . . . Core Remaining (%) 82 | 100 . 64 . . Volleys Fired 42 | . 24 6 3 9 Largest 3 | . 2 2 3 3 Hottest 70 | . 40 40 70 70 Shots Fired 96 | . 48 12 9 27 Gun 84 | . 48 12 6 18 Cannon . | . . . . . Launcher 12 | . . . 3 9 Special . | . . . . . Kinetic 84 | . 48 12 6 18 Thermal . | . . . . . Explosive 12 | . . . 3 9 Electromagnetic . | . . . . . Robot Hit Streak 7 | . 7 3 6 7 Robot Miss Streak 4 | . 4 3 3 4 Penetration Max . | . . . . . Secondary Targets . | . . . . . Shots Hit Robots 51 | . 25 7 5 14 Core Hits 21 | . 6 3 5 7 Critical Kills . | . . . . . Critical Parts Destroyed . | . . . . . Critical Strikes . | . . . . . Melee Attacks . | . . . . . Impact . | . . . . . Slashing . | . . . . . Piercing . | . . . . . Sneak Attacks . | . . . . . Combat Hostiles . | . . . . . Follow-up Attacks . | . . . . . Damage Inflicted 1044 | . 260 80 208 496 Guns 483 | . 260 80 42 101 Cannons . | . . . . . Explosions 546 | . . . 166 380 Melee . | . . . . . Ramming 15 | . . . . 15 Kinetic 483 | . 260 80 42 101 Thermal . | . . . . . Explosive 546 | . . . 166 380 Electromagnetic . | . . . . . Impact . | . . . . . Slashing . | . . . . . Piercing . | . . . . . Highest Corruption . | . . . . . Average Corruption . | . . . . . Corruption Purged . | . . . . . Corruption Blocked . | . . . . . Overload Shots . | . . . . . Overflow Damage . | . . . . . Projectiles . | . . . . . Explosions . | . . . . . Melee . | . . . . . Knockbacks . | . . . . . Impact . | . . . . . Kinetic . | . . . . . Secondary . | . . . . . Self-Inflicted Damage 12 | . . . . 12 Shots 1 | . . . . 1 Rammed 5 | . . . . 5 Targets Rammed 5 | . . . . 5 Kicked . | . . . . . Crushed . | . . . . . Highest Temperature 18 | . 18 . . 12 Average Temperature 7 | . 9 . . 6 Received Heat Transfer 579 | . 174 . . 405 Siege Activations . | . . . . . Robots Corrupted . | . . . . . Combat Hostiles . | . . . . . Parts Fried . | . . . . . Impact Corruptions . | . . . . . Robots Melted . | . . . . . Combat Hostiles . | . . . . . Parts Melted . | . . . . . Heat Transferred . | . . . . . Parts Sabotaged . | . . . . . Parts Stolen . | . . . . . Parts Stripped . | . . . . . Power Chain Reactions . | . . . . . Missiles Intercepted . | . . . . . Alert | -11 -10 -10 -9 -9 ------- Run | Scr Mat Min Mat Sto Peak Influence 255 | . 83 81 165 255 Initial 69 | . . 31 31 69 Average 91 | . 36 49 102 180 Maximum Alert Level 1 | . . . . 1 Low Security (%) 77 | 100 100 100 100 35 Level 1 22 | . . . . 64 Level 2 . | . . . . . Level 3 . | . . . . . Level 4 . | . . . . . Level 5 . | . . . . . High Security . | . . . . . Max Security . | . . . . . Squads Dispatched 2 | . . . . 2 Investigation . | . . . . . Extermination . | . . . . . Reinforcement 2 | . . . . 2 Assault . | . . . . . Garrison . | . . . . . Intercept . | . . . . . Searches Triggered . | . . . . . Construction Impeded . | . . . . . Haulers Reinforced . | . . . . . Active Scanning Responses . | . . . . . Cargo Convoy Interrupts . | . . . . . Stealth | -11 -10 -10 -9 -9 --------- Run | Scr Mat Min Mat Sto Distress Signals 3 | . . . 2 1 Communications Jammed . | . . . . . Distress Signals . | . . . . . Times Spotted 27 | . 5 3 4 15 Peak Tracking Total 10 | . 2 3 4 10 Tactical Retreats 2 | . 1 . . 1 Traps | -11 -10 -10 -9 -9 ------- Run | Scr Mat Min Mat Sto Traps Triggered 2 | . . . . 2 Indirectly . | . . . . . Trap Hack Attempts . | . . . . . Triggered . | . . . . . Disarmed . | . . . . . Reprogrammed . | . . . . . Reused . | . . . . . Traps Extracted . | . . . . . Installed . | . . . . . Triggered . | . . . . . Machines | -11 -10 -10 -9 -9 ---------- Run | Scr Mat Min Mat Sto Machines Disabled 2 | . . . 1 1 Max in Single Turn 1 | . . . 1 1 Machines Sabotaged . | . . . . . Garrisons Compromised . | . . . . . Overloaded Fab Kills . | . . . . . Hacking | -11 -10 -10 -9 -9 --------- Run | Scr Mat Min Mat Sto Machines Accessed 1 | . . . . 1 Terminals . | . . . . . Fabricators . | . . . . . Repair Stations . | . . . . . Recycling Units . | . . . . . Scanalyzers . | . . . . . Garrison Access 1 | . . . . 1 Total Hacks 2 | . . . . 2 Successful 1 | . . . . 1 Failed 1 | . . . . 1 Catastrophic . | . . . . . Database Lockouts . | . . . . . Manual . | . . . . . Terminals . | . . . . . Fabricators . | . . . . . Repair Stations . | . . . . . Recycling Units . | . . . . . Scanalyzers . | . . . . . Garrison Access 2 | . . . . 2 Terminal Hacks . | . . . . . Fabricator Hacks . | . . . . . Repair Station Hacks . | . . . . . Recycling Unit Hacks . | . . . . . Scanalyzer . | . . . . . Garrison Access Hacks 1 | . . . . 1 Unlock Access 1 | . . . . 1 Unauthorized Hacks . | . . . . . Terminals . | . . . . . Fabricators . | . . . . . Repair Stations . | . . . . . Recycling Units . | . . . . . Scanalyzers . | . . . . . Garrison Access . | . . . . . Data Cores Recovered . | . . . . . Used . | . . . . . Hacking Detections 1 | . . . . 1 Full Trace Events . | . . . . . Feedback Events . | . . . . . Feedback Blocked . | . . . . . Robot Schematics Acquired . | . . . . . Robots Built . | . . . . . Authchips . | . . . . . Time . | . . . . . Total Robot Build Rating . | . . . . . Part Schematics Acquired . | . . . . . Parts Built . | . . . . . Authchips . | . . . . . Time . | . . . . . Total Part Build Rating . | . . . . . Parts Repaired . | . . . . . Time . | . . . . . Parts Recycled . | . . . . . Recycled Matter . | . . . . . Retrieved Matter . | . . . . . Retrieved Components . | . . . . . Parts Scanalyzed . | . . . . . Part Schematics Acquired . | . . . . . Parts Damaged . | . . . . . Bothacking | -11 -10 -10 -9 -9 ------------ Run | Scr Mat Min Mat Sto Used RIF Installer . | . . . . . Robots Hacked . | . . . . . Non-combat . | . . . . . Combat . | . . . . . Robot Hacks Applied . | . . . . . Relay Couplers Released . | . . . . . Fabnet Peak Effective % . | . . . . . Robots Rewired . | . . . . . Allies Hacked . | . . . . . Hacks Repelled . | . . . . . Allies | -11 -10 -10 -9 -9 -------- Run | Scr Mat Min Mat Sto Total Allies . | . . . . . Largest Group . | . . . . . Highest-Rated Group . | . . . . . Highest-Rated Ally . | . . . . . Total Orders . | . . . . . Ally Attacks . | . . . . . Total Damage . | . . . . . Kills . | . . . . . Allies Corrupted . | . . . . . Allies Melted . | . . . . . Intel | -11 -10 -10 -9 -9 ------- Run | Scr Mat Min Mat Sto Robot Analysis Total . | . . . . . Derelict Logs Recovered 1 | . . 1 . . Drone Launches . | . . . . . Drone Recoveries . | . . . . . Exploration | -11 -10 -10 -9 -9 ------------- Run | Scr Mat Min Mat Sto Turns Passed 843 | 61 226 203 60 293 Spaces Moved 494 | 43 98 115 29 209 Core 112 | 16 . . . 96 Treads 382 | 27 98 115 29 113 Legs . | . . . . . Wheels . | . . . . . Hover . | . . . . . Flight . | . . . . . Fastest Speed 50 | 50 160 160 160 50 Average Speed 141 | 119 160 160 160 124 Slowest Speed 200 | 160 160 160 160 200 Overloaded Moves . | . . . . . Propulsion Burnouts . | . . . . . Robots Hopped . | . . . . . Cave-ins Triggered . | . . . . . Exploration Rate (%) 18 | 3 14 30 5 40 Regions Visited 4 Branch Regions 2 Pre-discovered Areas . | . . . . . Known Exits Taken 1 | . . . 1 . Unknown Exits Taken 3 | 1 1 1 . . Scrap Searched . | . . . . . Spaces Dug . | . . . . . Terrain Destroyed 58 | . . . 16 42 Melee . | . . . . . Projectile . | . . . . . AOE 58 | . . . 16 42 Terrain Rammed . | . . . . . Walls Destroyed . | . . . . . Machines Disabled . | . . . . . Actions | -11 -10 -10 -9 -9 --------- Run | Scr Mat Min Mat Sto Total 560 | 53 124 123 36 224 Wait . | . . . . . Move 490 | 42 97 114 28 209 Hop . | . . . . . Pick Up 11 | 6 2 1 2 . Fast Attach . | . . . . . Attach 9 | 5 1 . 2 1 Detach . | . . . . . Swap 2 | . . 1 1 . Drop 1 | . . 1 . . Fire 42 | . 24 6 3 9 Melee . | . . . . . Ram 5 | . . . . 5 Kick . | . . . . . Crush . | . . . . . Escape Stasis . | . . . . . Rewire . | . . . . . Trap . | . . . . . Miscellaneous . | . . . . . Route ------- -11/Scrapyard -10/Materials -10/Mines -9/Materials (discovered 4 exits: Mat x3 / *Sto) -9/Storage (discovered 1 exit: Gar) History --------- Turn | Location | Event 2 | -11/Scrapyard | Discovered new exit (range 16) 62 | -11/Scrapyard | Entered Materials 275 | -10/Materials | Discovered new exit (range 6) 288 | -10/Materials | Entered Mines 305 | -10/Mines | Build established: Mutant 388 | -10/Mines | Learned 8 Materials zone layouts 430 | -10/Mines | Discovered new exit (range 10) 491 | -10/Mines | Entered Materials 491 | -9/Materials | Evolved 2 slots: Power x1, Weapon x1 492 | -9/Materials | Identified exit to Storage 492 | -9/Materials | Identified exit to Materials 551 | -9/Materials | Entered Storage 612 | -9/Storage | Identified exit to Garrison 821 | -9/Storage | Core integrity fell below 50% 824 | -9/Storage | Core integrity fell below 20% 844 | -9/Storage | Destroyed by Y-45 Defender with Beam Rifle Last Messages --------------- 00759_ Massive razor-sharp blades shoot up from within the floor. 00759_ Lgt. Treads severed. 00761_ Triggered Blade Trap. 00761_ Massive razor-sharp blades shoot up from within the floor. 00780_ O-16 Technician: "IFF HANDSHAKE FAILED. SECURING TERMINAL." 00782_ O-16 Technician sends out distress signal. 00784_ O-16 Technician uses terminal to summon reinforcements. 00784_ ALERT: Hostiles spotted, dispatching reinforcements to Terminal S018. 00784_ O-16 Technician locks terminal. 00792_ Critical hit (Burn: +37). 00794_ Grenade Launcher destroyed. 00796_ Lgt. Ion Engine destroyed. 00797_ Critical hit (Burn: +37). 00802_ Assault Rifle destroyed. 00805_ Lgt. Assault Rifle destroyed. 00805_ Sensor Array destroyed. 00808_ Critical hit (Burn: +37). 00820_ Slammed into Y-45 Defender. 00821_ Med. Matter Pod destroyed. 00821_ Slammed into Y-45 Defender. Map ----- +----------------------------------------------------+ | ????????????????????????????????????? | | ????????????????????????????????????? | | ????????????????????????????????????? | | ????????????????##??????????????????? | | ???????????????? ??????????????????? | | ???????????????? ??????????????????? | | ???????????????? #?????????????????? | | ???????????????? #?????????????????? | | ???????????????? +?????????????????? | | ???????????????? #?????????????????? | | ???????????????# #?????????????????? | | ???????????????# #?????????????????? | | ???????????????# #?????????????????? | | ???????????????# +?????????????????? | | ???????????????# #?????????????????? | | ???????????????# #?????????????????? | | ????????????#### #?????????????????? | | ??????#######Y## #?????????????????? | | ??????# """" + #????????????????? | | ??????# """" # #???????????????? | | ??????# """" # ###########????? | | ???#### """" [# # ###### | | ???#""" # # """ / | | ???#"R # # "?"""" ### | | ???#""" # # "????" ### ##### | | ???#### @* # + "????" ## #?## | | ??????# # # "????" ## #?#" | | ??????########## # ???" ## ###" | | ???????????????# # ?? ### ## | | ??????????????? ############# ## | | ?????????????? #????# ## ## | | ?????????????###+##????# """ # # | | ???????????????????????# """ # / "" | | ???????????????????????# """ + # "" | | ???????????????????????# # # "" | | ???????????????????????# """ + # | | ???????????????????????# """ # ###" | | ???????????????????????# """ # #?#" | | ???????????????????????# # #?## | | ???????????????????????# ! # #??? | | ???????????????????????# # #### | | ???????????????????????# # | | ???????????????????????## #### | | ????????????????????????##???# | | ?????????????????????????????##+##### | | ??????????????????????????????? ???? | | ??????????????????????????????? ???? | | ??????????????????????????????? ???? | | ??????????????????????????????? "???? | | ??????????????????????????????? "???? | +----------------------------------------------------+ Best States ------------- Heat Dissipation 28 Energy Generation 10 Energy Capacity 125 Matter Stores 222 Matter Capacity 400 Sight Range 16 Robot Scan Range 14 Terrain Scan Density 10 Evasion (%) 50 Recoil Reduction 2 Item Schematics ----------------- None Robot Schematics ------------------ None Fabricated ------------ Nothing Alien Tech Used ----------------- None Achievements -------------- Oops Challenges ------------ None Game ------ Seed SubatomicContainmentLauncher Manual? 0 Play Time 00:12:24 Cumulative 1.1 hours Start 2022.03.24 @ 19:43:20 End 2022.03.24 @ 19:54:02 Sessions 1 Manual Loads 0 Difficulty Rogue Special Mode None Game No. 5 Rogue 5 Adventurer 0 Explorer 0 Win Type - Total 0 Types 0/0/0/0/0/0/0/0/0 Lore% 0 Gallery% 5 Achievement% 2 Wizard Run 0 Options --------- ASCII 0 Keyboard 0 Movement Mouse Keybinds 0 Fullscreen 1 Font 24/Smallcaps Map View 113x50 Tactical HUD 1 Map Filters NONE Filters NONE Steam 1 RUN: 00d8cd2c-6417-468c-ae46-ee002e9be96a